 Dungeon Crawl Stone Soup version 0.20.1-1-g8b1a95d (console) character file.

1067 hilaritas the Cleaver (level 8, 0/58 HPs)
             Began as a Formicid Fighter on Aug 12, 2017.
             Slain by a gnoll
             ... wielding the +8 autumn katana {slice, Clar}
              (11 damage)
             ... on level 4 of the Dungeon.
             The game lasted 00:09:31 (4217 turns).

hilaritas the Cleaver (Formicid Fighter)            Turns: 4217, Time: 00:09:32

Health: 0/58       AC:  9    Str: 23    XL:     8   Next: 53%
Magic:  8/8        EV:  7    Int:  8    God:
Gold:   165        SH:  0    Dex: 10    Spells: 7/7 levels left

rFire    . . .     SeeInvis +   a - +0 war axe
rCold    . . .     Gourm    .   c - +0 shield
rNeg     . . .     Faith    .   t - +0 chain mail
rPois    .         Spirit   .   (helmet unavailable)
rElec    .         Reflect  .   (no cloak)
rCorr    .         Harm     .   (no gloves)
MR       .....                  (no boots)
Stlth    ..........             (no amulet)
Regen    0.2/turn               (no ring)
MPRegen  0.2/turn               (no ring)

@: confused
A: permanent stasis, dig shafts and tunnels, four strong arms, antennae 3
a: Dig, Shaft Self


You were on level 4 of the Dungeon.
You were not hungry.

You visited 1 branch of the dungeon, and saw 4 of its levels.

You collected 165 gold pieces.

Inventory:

Hand Weapons
 a - a +0 war axe (weapon)
 d - a +0 hand axe
 k - a +0 mace
 n - a +0 whip of holy wrath
 o - a +2 flail of venom
Missiles
 i - 15 tomahawks (quivered)
 s - 2 poisoned tomahawks
Armour
 c - a +0 shield (worn)
 t - a +0 chain mail (worn)
Scrolls
 b - a scroll of identify
 m - 3 scrolls of teleportation
 r - a scroll of fog
 u - a scroll of amnesia
Potions
 e - 2 potions of agility
 h - a potion of curing {unknown}
 q - a potion of flight {unknown}
 v - a potion of mutation {unknown}
Comestibles
 f - 6 bread rations
 g - a royal jelly
 l - a meat ration
 p - 3 chunks of flesh


   Skills:
 - Level 3.2 Fighting
 * Level 8.8 Axes
 - Level 3.2 Armour
 + Level 6.0 Shields


You had 7 spell levels left.
You didn't know any spells.

Dungeon Overview and Level Annotations

Branches:
Dungeon (4/15)
 Temple: D:4-7

Altars:


Innate Abilities, Weirdness & Mutations

You cannot be hasted, slowed, berserked, paralysed or teleported.
You can dig through walls and to a lower floor.
Your four strong arms can wield two-handed weapons with a shield.
You have a pair of large antennae on your head. (SInv)


Message History

You closely miss the gnoll. You barely miss the phantom.
The gnoll hits you with a spear. The phantom hits you.
The phantom blinks!
Your chain mail prevents you from hitting the gnoll.
You hit the gnoll. You barely miss the phantom. You block the gnoll's attack.
The phantom hits you.
The phantom blinks!
The gnoll hits you with the +8 autumn katana {slice, Clar}!
* * * LOW HITPOINT WARNING * * *
x2 The gnoll hits you but does no damage.
Unknown command.
You slash the gnoll!
The gnoll is almost dead.
You hit the gnoll.
The phantom blinks!
The gnoll hits you with the +8 autumn katana {slice, Clar}.
* * * LOW HITPOINT WARNING * * *
x2 The gnoll hits you but does no damage.
Unknown command.
You are confused.
You feel invigorated.
The gnoll hits you with the +8 autumn katana {slice, Clar}!
You die...

#.##.# #.##.#
#.##.#########
#.#..........#
####.#..#.......## #
.)†.......#####§.#.#
####.#..#.# #†.#.###
#......# #......# ##
#...#..# #)@#.#.#
.......#..# #gg..#
#####....... ....###
#.##.#####.#.# #.#
.# #.#.# #.#.# #.#.#
#.#


You could see 2 gnolls.

Vanquished Creatures
  Sigmund (D:3)
  The ghost of hilaritas the Shield-Bearer, an amateur FoFi (D:3)
  An orc warrior (D:3)
  3 orc priests
  A hound (D:3)
  3 orc wizards
  Terence (D:2)
  Robin (D:3)
  17 gnolls
  A howler monkey skeleton (D:4)
  11 adders
  5 oozes
  5 worms
  A dart slug (D:2)
  4 leopard geckos
  14 orcs
  2 giant cockroaches
  9 goblins
  16 hobgoblins
  13 jackals
  2 quokkas
  5 bats
  5 frilled lizards
  9 kobolds
  9 rats
140 creatures vanquished.

Notes
Turn   | Place    | Note
-------+----------+-------------------------------------------
     0 | D:1      | hilaritas the Formicid Fighter began the quest for the Orb.
     0 | D:1      | Reached XP level 1. HP: 18/18 MP: 1/1
   132 | D:1      | Reached XP level 2. HP: 23/24 MP: 2/2
   403 | D:1      | Reached XP level 3. HP: 29/29 MP: 3/3
   561 | D:1      | Reached skill level 3 in Axes
  1052 | D:2      | Reached XP level 4. HP: 35/35 MP: 4/4
  1185 | D:2      | Reached skill level 4 in Axes
  1275 | D:2      | Reached XP level 5. HP: 41/41 MP: 5/5
  1988 | D:2      | Noticed Terence
  1999 | D:2      | Killed Terence
  2499 | D:3      | Reached skill level 5 in Axes
  2505 | D:3      | Reached XP level 6. HP: 32/47 MP: 6/6
  2630 | D:3      | Reached skill level 5 in Shields
  2782 | D:3      | Noticed an orc warrior
  2798 | D:3      | Killed an orc warrior
  2798 | D:3      | Reached skill level 6 in Axes
  2798 | D:3      | Reached XP level 7. HP: 35/52 MP: 7/7
  3063 | D:3      | Noticed Sigmund
  3071 | D:3      | Killed Sigmund
  3071 | D:3      | Reached skill level 7 in Axes
  3237 | D:3      | Noticed Robin
  3256 | D:3      | Noticed hilaritas's ghost (amateur FoFi)
  3278 | D:3      | Killed hilaritas's ghost
  3278 | D:3      | Reached XP level 8. HP: 38/58 MP: 8/8
  3280 | D:3      | Killed Robin
  3446 | D:3      | Reached skill level 8 in Axes
  4217 | D:4      | Slain by a gnoll

Skill      XL: |  1  2  3  4  5  6  7  8 |
---------------+-------------------------+-----
Shields        | 4 5 6 |  6.0
Axes           | 3 4 5 6 7 8 |  8.8
Fighting       | |  3.2
Armour         | |  3.2

Action                   |  1- 3 |  4- 6 |  7- 9 || total
-------------------------+-------+-------+-------++-------
Melee: War axe           |   129 |   188 |   231 ||   548
  Use: Potion            |       |     1 |     3 ||     4
       Scroll            |       |       |     5 ||     5
  Eat: Chunk             |     1 |     4 |     5 ||    10
       Royal jelly       |       |     1 |       ||     1
Armor: Scale mail        |    68 |    63 |       ||   131
       Chain mail        |       |     4 |   102 ||   106
Dodge: Dodged            |    43 |    51 |    61 ||   155
Block: Shield            |    83 |    98 |   128 ||   309
